 Dungeon Crawl Stone Soup version 0.16.0-16-g311141a (webtiles) character file.

423 McCoppin the Covert (level 6, -5/36 HPs)
             Began as an Octopode Summoner on Mar 19, 2015.
             Slain by an ogre
             ... wielding a +0 giant spiked club
              (29 damage)
             ... on level 4 of the Dungeon.
             The game lasted 00:18:09 (6496 turns).

McCoppin the Covert (Octopode Summoner)             Turns: 6496, Time: 00:18:09

Health: -5/36      AC:  1    Str:  8    XL:     6   Next: 95%
Magic:  3/10       EV: 12    Int: 17    God:
Gold:   109        SH:  0    Dex: 14    Spells: 2 memorised, 5 levels left

rFire  . . .     SeeInvis .     a - +4 dagger
rCold  . . .     Clarity  .     (no shield)
rNeg   + . .     SustAb   .     (helmet restricted)
rPois  .         Gourm    .     f - amulet of warding
rElec  .         Spirit   .     (no ring)
rCorr  .         Warding  +     (no ring)
rMut   .         Stasis   .     (no ring)
MR     .....                    (no ring)
Stlth  ++++++....               (no ring)
                                (no ring)
                                (no ring)
                                (no ring)

@: not resistant to hostile enchantments, very stealthy
A: almost no armour, amphibious, 8 rings, constrict 8, camouflage 1, gelatinous
body 1
a: no special abilities


You were on level 4 of the Dungeon.
You were hungry.

You visited 1 branch of the dungeon, and saw 4 of its levels.

You collected 291 gold pieces.
You spent 182 gold pieces at shops.

Inventory:

Hand weapons
 a - a +4 dagger (weapon)
 b - a +0 blowgun
Jewellery
 f - an amulet of warding (around mantle)
Magical devices
 g - a wand of fireball (3)
 p - a wand of frost (36)
Scrolls
 d - a scroll of fog
 e - 8 scrolls of identify
 k - a scroll of teleportation
 s - a scroll of immolation {unknown}
 u - 3 scrolls of magic mapping {unknown}
Potions
 h - a potion of cancellation
 l - 3 potions of curing
 n - 3 potions of heal wounds
 o - 2 potions of restore abilities {unknown}
 q - a potion of haste {unknown}
 r - a potion of might {unknown}
 t - a potion of brilliance {unknown}
Books
 m - a book of Callings

   Spells                             Type                      Level
   a - Summon Small Mammal            Summoning                    1
   b - Call Imp                       Summoning                    2
   c - Call Canine Familiar           Summoning                    3
   d - Summon Guardian Golem          Hexes/Summoning              4
   e - Summon Lightning Spire         Summoning/Air                4
   f - Summon Ice Beast               Ice/Summoning                4
Comestibles
 c - 11 fruits
 i - 3 beef jerkies
 j - 3 bread rations


   Skills:
 - Level 2.0 Dodging
 + Level 10.2 Stealth
 - Level 2.0 Spellcasting
 - Level 4.0 Summonings


You had 5 spell levels left.
You knew the following spells:

 Your Spells              Type           Power        Failure   Level  Hunger
a - Summon Small Mammal   Summ           ###.         3%          1    #......
b - Call Canine Familiar  Summ           ###.....     12%         3    ###....


Dungeon Overview and Level Annotations

Branches:
Dungeon (4/15)
 Temple: D:4-7

Altars:
Dithmenos
Trog
Vehumet
The Shining One

Shops:
D:4 !


Innate Abilities, Weirdness & Mutations

You cannot wear most types of armour.
You are amphibious.
You can wear up to eight rings at the same time.
You can use your tentacles to constrict many enemies at once.
Your skin changes colour to match your surroundings (Stealth).
Your rubbery body absorbs attacks (AC +1).


Message History

The ogre barely misses your hound.
Your hound bites the ogre.
You see here a dagger.
Wield which item (- for none, * to show all)? (? for menu, Esc to quit)
b - a +0 blowgun (weapon)
Your hound barely misses the ogre.
Wield which item (- for none, * to show all)? (? for menu, Esc to quit)
a - a +4 dagger (weapon)
The ogre closely misses your hound.
Your hound bites the ogre.
Your hound bites the ogre.
The ogre hits your hound with a giant spiked club!!
Your hound dies!
Your hound's corpse disappears in a puff of smoke!
Things that are here:
a dagger; a robe All of the chunks of flesh in your inventory have rotted away.
You closely miss the ogre.
The ogre is severely wounded.
The ogre hits you with a giant spiked club!!
Ouch! That really hurt!
You die...

..........# #.#
..........# #.#
######.#### #.#
#.# #.# #.#
##### #.# #.#
#...# #.#
#§####'#.# #.#
#.##.'∩'.#####.#
#....#'#.)O@)..#
######...#######
#####


You could see an ogre.

Vanquished Creatures
  A scorpion (D:4)
  An orc priest (D:4)
  A hound (D:4)
  2 orc wizards (D:4)
  2 worker ants (D:4)
  5 gnolls (D:2)
  6 adders
  2 worms (D:3)
  A giant mite (D:3)
  5 orcs (D:4)
  7 bats
  A bat skeleton (D:4)
  3 giant cockroaches
  11 goblins
  11 hobgoblins
  4 jackals (D:2)
  11 kobolds
  A quokka (D:2)
  2 ball pythons
  A giant gecko (D:1)
  A giant gecko skeleton (D:4)
  5 giant newts
  7 rats
91 creatures vanquished.

Vanquished Creatures (collateral kills)
  An orc wizard (D:4)
  3 gnolls (D:2)
  2 worms
  3 orcs (D:4)
  2 bats
  A hobgoblin (D:2)
  A kobold (D:2)
13 creatures vanquished.

Vanquished Creatures (others)
  7 hounds
  A quokka (D:1)
8 creatures vanquished.

Grand Total: 112 creatures vanquished

Notes
Turn   | Place    | Note
--------------------------------------------------------------
     0 | D:1      | McCoppin, the Octopode Summoner, began the quest for the Orb.
     0 | D:1      | Reached XP level 1. HP: 11/11 MP: 3/3
   464 | D:1      | Reached XP level 2. HP: 13/17 MP: 4/4
  1385 | D:1      | Reached XP level 3. HP: 7/21 MP: 6/6
  1390 | D:1      | Learned a level 3 spell: Call Canine Familiar
  1851 | D:1      | Reached skill level 5 in Stealth
  1998 | D:2      | Found a shadowy altar of Dithmenos.
  2383 | D:2      | Reached XP level 4. HP: 25/27 MP: 7/7
  2394 | D:2      | Reached skill level 6 in Stealth
  3087 | D:2      | Reached skill level 7 in Stealth
  3758 | D:2      | Reached XP level 5. HP: 26/31 MP: 6/9
  4381 | D:3      | Reached skill level 8 in Stealth
  4624 | D:3      | Found a bloodstained altar of Trog.
  5139 | D:4      | Reached XP level 6. HP: 36/36 MP: 10/10
  5174 | D:4      | Found a radiant altar of Vehumet.
  5178 | D:4      | Reached skill level 9 in Stealth
  6200 | D:4      | Found a glowing golden altar of the Shining One.
  6237 | D:4      | Found Ghuefopp's Distillery.
  6259 | D:4      | Reached skill level 10 in Stealth
  6286 | D:4      | Bought a potion of curing for 42 gold pieces
  6286 | D:4      | Bought a potion of heal wounds for 70 gold pieces
  6286 | D:4      | Bought a potion of heal wounds for 70 gold pieces
  6462 | D:4      | Noticed an ogre
  6496 | D:4      | Slain by an ogre

Action                   |  1- 3 |  4- 6 || total
-------------------------+-------+-------++-------
Melee: Dagger            |    80 |   134 ||   214
       Unarmed           |     2 |       ||     2
 Cast: Summon Small Mamm |     2 |     1 ||     3
       Call Canine Famil |     3 |    19 ||    22
  Use: Scroll            |     1 |     8 ||     9
       Potion            |       |     1 ||     1
 Stab: Sleeping          |     4 |    17 ||    21
  Eat: Chunk             |     4 |     9 ||    13
       Bread ration      |       |     1 ||     1
       Royal jelly       |       |     1 ||     1
